 Dungeon Crawl Stone Soup version 0.17-a0-1923-gc35365e (webtiles) character file.

105915 derrpe the Frost Mage (level 16, -13/120 HPs)
             Began as a Human Conjurer on Sept 27, 2015.
             Was the Champion of Ashenzari.
             Killed from afar by Aizul (26 damage)
             ... with a poison arrow
             ... on level 1 of the Snake Pit on Sept 28, 2015.
             The game lasted 02:22:09 (42065 turns).

derrpe the Frost Mage (Human Conjurer)             Turns: 42065, Time: 02:22:10

Health: -13/120    AC: 23    Str: 12    XL:     16   Next: 97%
Magic:  20/30      EV: 28    Int: 18    God:    Ashenzari [******]
Gold:   1513       SH:  0    Dex: 20    Spells: 8 memorised, 5 levels left

rFire  + . .     SeeInvis +     G - +8 scythe (pain) (curse)
rCold  . . .     Clarity  +     M - +4 steam dragon armour (curse)
rNeg   + . .     SustAt   .     (no shield)
rPois  .         Gourm    .     F - +2 hat {MR+} (curse)
rElec  .         Spirit   .     i - +2 cloak {+Inv} (curse)
rCorr  .         Warding  .     w - +2 pair of gloves {Dex+3} (curse)
rMut   .         Stasis   .     (no boots)
MR     ++...                    l - amulet of rage (curse)
Stlth  ++++......               X - ring of positive energy (curse)
                                P - ring of protection from fire (curse)

@: agile, lethally poisoned (-13 -> -19), about to teleport, very slightly
contaminated, regenerating (expiring), very resistant to hostile enchantments,
stealthy
A: rough black scales 1, dopey 2, regeneration 1, strong 1, MP-powered wands
a: Scrying, Transfer Knowledge, Renounce Religion, Evoke Berserk Rage, Evoke
Invisibility


You were on level 1 of the Snake Pit.
You worshipped Ashenzari.
Ashenzari was exalted by your worship.
You were hungry.

You visited 4 branches of the dungeon, and saw 24 of its levels.
You also visited: Labyrinth, Sewer, Bailey and Volcano.

You collected 3173 gold pieces.
You spent 1660 gold pieces at shops.

Inventory:

Hand weapons
 G - a cursed +8 scythe of pain (weapon)
Armour
 i - a cursed +2 cloak of invisibility (worn)
 w - a cursed +2 pair of gloves of dexterity (worn)
 F - a cursed +2 hat of magic resistance (worn)
 M - a cursed +4 steam dragon armour (worn)
Jewellery
 l - a cursed amulet of rage (around neck)
 P - a cursed ring of protection from fire (left hand)
 R - an uncursed ring of protection from cold
 X - a cursed ring of positive energy (right hand)
Magical devices
 q - a wand of cold (9)
 U - a wand of paralysis (6)
Scrolls
 a - a scroll of silence
 d - 9 scrolls of remove curse
 f - a scroll of blinking
 g - 3 scrolls of amnesia
 k - 3 scrolls of recharging
 n - 2 scrolls of identify
 p - 8 scrolls of magic mapping
 r - a scroll of curse jewellery
 v - 5 scrolls of fog
 x - a scroll of vulnerability
 A - a scroll of curse weapon
 C - a scroll of torment
 E - a scroll of fear {unknown}
 I - a scroll of brand weapon
 J - a scroll of summoning
Potions
 b - a potion of invisibility
 e - 2 potions of agility
 o - 5 potions of magic
 s - 7 potions of curing
 z - 4 potions of brilliance
 B - 3 potions of haste
 K - a potion of berserk rage
 Y - a potion of mutation
Miscellaneous
 c - a lamp of fire
 u - a phial of floods
 y - a plain deck of summoning {drawn: 5}
 O - a lamp of fire
Comestibles
 j - 26 fruits
 m - 2 chunks of flesh {@w0}
 Q - 11 meat rations {@e2}
 T - 6 bread rations {@e1}


   Skills:
 - Level 9.2 Fighting
 - Level 10.5(16.0) Polearms
 - Level 7.5 Armour
 - Level 9.5(12.3) Dodging
 - Level 2.0(4.2) Stealth
 + Level 10.6 Spellcasting
 + Level 9.9(14.2) Conjurations
 - Level 5.1(9.5) Hexes
 - Level 7.0(11.5) Charms
 - Level 7.1(11.6) Necromancy
 * Level 10.7(14.9) Ice Magic
 - Level 9.5(13.8) Air Magic
 - Level 1.0(3.5) Evocations


You had 5 spell levels left.
You knew the following spells:

 Your Spells              Type           Power        Failure   Level  Hunger
a - Magic Dart            Conj           ####         1%          1    None
b - Dazzling Spray        Conj/Hex       ######..     1%          3    None
c - Iskenderun's Battles  Conj/Chrm      ######..     1%          5    #####..
d - Simulacrum            Ice/Necr       ######....   8%          6    ######.
e - Dispel Undead         Necr           ######..     1%          5    #####..
f - Freezing Cloud        Conj/Ice/Air   ######....   3%          6    ######.
m - Sublimation of Blood  Necr           ######....   1%          2    None
r - Regeneration          Chrm/Necr      ######....   1%          3    None


Dungeon Overview and Level Annotations

Branches:
Dungeon (11/15)            Temple (0/1) D:6            Lair (8/8) D:11
 Shoals (0/4) Lair:3        Snake (1/4) Lair:3        Slime (0/6) Lair:6
    Orc (4/4) D:10            Elf (0/3) Orc:4

Altars:
Ashenzari
Gozag
Nemelex Xobeh
Qazlal
Sif Muna
Trog
Xom
The Shining One
Beogh

Shops:
D:4 :   D:11 [   Orc:1 !   Orc:4 }%*%(

Annotations:
Snake:1 Aizul


Innate Abilities, Weirdness & Mutations

You are partially covered in rough black scales (AC +4, Dex -1).
You are very dopey. (Int -4)
Your natural rate of healing is unusually fast.
Your muscles are strong. (Str +2)
You expend magic power (3 MP) to strengthen your wands.


Message History

Unknown command.
Read which item? (? for menu, Esc to quit)
Blink to where?
Press: ? - help, Dir - move target cursor You are very lightly contaminated with residual magic.
As you read the scroll of blinking, it crumbles to dust.
You feel sick.
You feel sick.
You feel sick.
Read which item? (? for menu, Esc to quit)
As you read the scroll of teleportation, it crumbles to dust.
You feel strangely unstable.
You feel sick.
Unknown command.
You feel sick.
You feel sick.
Your skin is crawling a little less now.
Aizul coils himself and waves his upper body at you.
The poison arrow hits you!
You are more poisoned.
You die...

##### ##### #...###########...#
#...##...†....#...### #
#...##..........†...#
######......#...##########
#......####.#...### #####
...####...#.###...# ###...#
...####...#.###.@.# #.....#
....†.............#######.....##
...########....................#
#..# ##......##...........#
...##### #.......##....^.##...#
.......# #...#...S.....########
.......##*#.....#...#...##..>#
.............#.##.......##N..#
........................§{§..#*
*


You could see Aizul.

Vanquished Creatures
  Saint Roka (Orc:4)
  Gastronok (Orc:1)
  Frances (Snake:1)
  Kirke (Lair:8)
  A dire elephant (Lair:7)
  The ghost of 4thArraOfDagon the Grappler, a powerful TrMo of Cheibriados (Orc:3)
  A minotaur (Lab)
  The ghost of nago the Carver, a powerful OpBe of Trog (D:11)
  Josephine (Orc:3)
  The ghost of 4thArraOfDagon the Cleaver, a powerful MiMo of Cheibriados (Orc:3)
  Fannar (Lair:2)
  6 hydras
  Erolcha (D:8)
  A catoblepas (Lair:6)
  2 shock serpents (Snake:1)
  8 death yaks (Lair:8)
  A spriggan (Lair:7)
  5 orc high priests (Orc:4)
  Sonja (Orc:3)
  A fire crab (Lair:5)
  Pikel (D:5)
  4 hill giants
  A mana viper (Snake:1)
  A griffon (Lair:8)
  2 manticores (D:11)
  7 orc knights
  3 oklob plants (Lair:6)
  17 black mambas
  31 elephants
  A naga mage (Snake:1)
  A gargoyle (D:11)
  17 spiny frogs
  7 fire drakes
  A troll (D:11)
  14 komodo dragons
  2 two-headed ogres (D:10)
  A polar bear (Lair:8)
  21 blink frogs
  A trapdoor spider zombie (D:10)
  A boulder beetle (Lair:2)
  44 yaks
  Sigmund (D:5)
  A trapdoor spider (Lab)
  5 wraiths
  Grum (D:8)
  2 basilisks
  A deep elf fighter (D:11)
  3 steam dragons
  A wyvern (Lair:7)
  11 hippogriffs
  A hog (Lair:8)
  Menkaure (D:5)
  11 wargs
  2 hungry ghosts (Lab)
  3 nagas
  A soldier ant (D:11)
  5 wolves
  12 water moccasins
  4 sky beasts
  An eye of draining (D:10)
  A swamp drake (Lair:6)
  A wasp (Lair:7)
  A slave (D:4)
  6 ogres
  3 phantoms
  16 porcupines
  2 necrophages
  54 orc warriors
  12 crocodiles
  10 big kobolds
  12 centaurs
  A brain worm (Lair:7)
  2 wyvern zombies (D:10)
  A gnoll sergeant (D:9)
  26 giant frogs
  3 scorpions
  3 killer bees (D:5)
  4 hounds
  4 giant frog zombies
  4 centaur zombies
  4 crimson imps
  A gnoll shaman (D:5)
  4 jellies
  2 electric eels (Lair:8)
  13 iguanas
  4 giant frog skeletons
  48 orc priests
  A centaur skeleton (D:5)
  3 worker ants
  Natasha (thrice) (D:4)
  31 orc wizards
  A killer bee zombie (D:7)
  26 sheep
  2 hound zombies
  A hound skeleton (D:6)
  18 gnolls
  50 river rats
  2 shadow imps
  12 adders
  3 oozes
  An adder skeleton (D:8)
  8 worms
  13 giant geckos
  218 orcs
  27 bats
  2 giant cockroaches
  8 goblins
  10 hobgoblins
  20 jackals
  31 kobolds
  5 ball pythons
  A ball python skeleton (D:4)
  5 giant newts
  4 quokkas
  A quokka skeleton (D:7)
  22 rats
  A butterfly (Lair:7)
  3 fungi
  A plant (Lair:8)
1058 creatures vanquished.

Vanquished Creatures (collateral kills)
  An orc warlord (Orc:1)
  A hydra (Lair:8)
  A catoblepas (Lair:8)
  2 death yaks (Lair:8)
  A lindwurm (Lair:8)
  A griffon (Lair:8)
  2 manticores (Lair:8)
  2 elephants (Lair:8)
  A komodo dragon (Lair:8)
  2 fire drakes (Lair:8)
  A wyvern (Lair:8)
  4 yaks
  A basilisk (Lair:8)
  A hippogriff (Lair:8)
  A hungry ghost (D:9)
  An ogre (Orc:1)
  An orc warrior (Bailey)
  A crocodile (Lair:8)
  A sheep (Lair:8)
  3 orcs
  2 fungi (Lair:8)
31 creatures vanquished.

Vanquished Creatures (others)
  2 humans (Lair:8)
  2 slaves (D:5)
  A centaur (D:5)
  A crocodile (Lair:8)
  An orc wizard (D:5)
  A sheep (Lair:8)
  An adder (D:5)
  A shadow imp (D:5)
  3 orcs (D:5)
  37 fungi
  20 plants
70 creatures vanquished.

Grand Total: 1159 creatures vanquished

Notes
Turn   | Place    | Note
--------------------------------------------------------------
     0 | D:1      | derrpe the Human Conjurer began the quest for the Orb.
     0 | D:1      | Reached XP level 1. HP: 13/13 MP: 3/3
   176 | D:1      | Reached XP level 2. HP: 19/19 MP: 3/5
   570 | D:1      | Reached XP level 3. HP: 24/24 MP: 2/6
  1385 | D:2      | Found a bloodstained altar of Trog.
  1430 | D:2      | Found an opulent altar of Gozag.
  1441 | D:2      | Found a shattered altar of Ashenzari.
  1551 | D:2      | Became a worshipper of Ashenzari the Shackled
  1895 | D:2      | Reached skill level 5 in Conjurations
  1895 | D:2      | Reached XP level 4. HP: 26/30 MP: 7/7
  2120 | D:3      | Learned a level 3 spell: Dazzling Spray
  2482 | D:3      | Found a glowing drain.
  2493 | D:3      | Reached skill level 1 in Hexes
  2557 | Sewer    | Entered a sewer
  2681 | Sewer    | Noticed a big kobold
  2681 | Sewer    | Noticed a big kobold
  2713 | Sewer    | Killed a big kobold
  2713 | Sewer    | Reached XP level 5. HP: 12/35 MP: 2/9
  2719 | Sewer    | HP: 1/52 [big kobold/club (3)]
  2720 | Sewer    | Killed a big kobold
  2720 | Sewer    | Reached XP level 6. HP: 1/41 MP: 3/11
  3078 | Sewer    | Noticed a big kobold
  3096 | Sewer    | Killed a big kobold
  3166 | Sewer    | Noticed a big kobold
  3166 | Sewer    | Noticed a big kobold
  3194 | Sewer    | Killed a big kobold
  3194 | Sewer    | Reached XP level 7. HP: 37/46 MP: 2/12
  3201 | Sewer    | Killed a big kobold
  4165 | Sewer    | Noticed a big kobold
  4170 | Sewer    | Killed a big kobold
  4170 | Sewer    | Reached skill level 5 in Hexes
  4284 | Sewer    | Noticed a big kobold
  4301 | Sewer    | Killed a big kobold
  4801 | D:3      | Learned a level 5 spell: Iskenderun's Battlesphere
  6116 | D:4      | Acquired Ashenzari's first power
  6116 | D:4      | Found Munouhuh's Book Emporium.
  6121 | D:4      | Noticed Natasha
  6136 | D:4      | Killed Natasha
  6136 | D:4      | Reached skill level 1 in Charms
  6136 | D:4      | Reached XP level 8. HP: 20/52 MP: 3/15
  6166 | D:4      | Noticed Natasha
  6172 | D:4      | Killed Natasha
  6276 | D:4      | Noticed Natasha
  6284 | D:4      | Killed Natasha
  6739 | D:4      | Found a sparkling altar of Nemelex Xobeh.
  7504 | D:5      | Entered Level 5 of the Dungeon
  8432 | D:5      | Found a shimmering altar of Xom.
  8738 | D:5      | Reached skill level 5 in Spellcasting
  8738 | D:5      | Reached skill level 6 in Conjurations
  9211 | D:5      | Noticed Pikel
  9237 | D:5      | Killed Pikel
  9237 | D:5      | Reached skill level 5 in Charms
  9237 | D:5      | Reached XP level 9. HP: 57/57 MP: 15/17
  9268 | D:5      | Noticed Menkaure
  9271 | D:5      | Killed Menkaure
  9310 | D:5      | Found a glowing golden altar of the Shining One.
  9399 | D:5      | Identified the +1 leather armour of Opho {rElec rF+} (You took it off a gnoll shaman on level 5 of the Dungeon)
  9529 | D:5      | Reached skill level 7 in Conjurations
  9724 | D:5      | Noticed Sigmund
  9738 | D:5      | Killed Sigmund
 10825 | D:6      | Acquired Ashenzari's second power
 10936 | D:6      | Learned a level 6 spell: Simulacrum
 11241 | D:6      | Found a staircase to the Ecumenical Temple.
 11245 | D:6      | Reached skill level 1 in Polearms
 11424 | D:6      | Reached XP level 10. HP: 60/63 MP: 18/20
 12555 | D:7      | Reached skill level 8 in Conjurations
 13189 | D:7      | Acquired Ashenzari's third power
 14138 | D:8      | Found a flagged portal.
 14166 | Bailey   | Entered a bailey
 14277 | Bailey   | Reached skill level 9 in Conjurations
 14520 | Bailey   | Found a burning altar of Makhleb.
 14636 | D:8      | Noticed Erolcha
 14640 | D:8      | Killed Erolcha
 14640 | D:8      | Reached skill level 1 in Fighting
 14640 | D:8      | Reached skill level 1 in Armour
 15073 | D:8      | Noticed Grum
 15374 | D:8      | Killed Grum
 15374 | D:8      | Reached XP level 11. HP: 46/71 MP: 11/22
 15533 | D:8      | Identified the cursed +1 leather armour "Ilodiawki" {+Fly Str+3 Int+3 Dex+3} (You took it off a kobold on level 8 of the Dungeon)
 15557 | D:8      | Found a deep blue altar of Sif Muna.
 16411 | D:9      | Found a stormy altar of Qazlal.
 16422 | D:9      | Reached skill level 1 in Necromancy
 17255 | D:10     | Entered Level 10 of the Dungeon
 17897 | D:10     | Found a roughly hewn altar of Beogh.
 17897 | D:10     | Found a staircase to the Orcish Mines.
 18039 | D:10     | Noticed a hill giant
 18252 | D:10     | Killed a hill giant
 18252 | D:10     | Reached skill level 5 in Polearms
 18441 | D:10     | Noticed a hill giant
 18665 | D:9      | Gained mutation: Your magical capacity is low (-10% MP). [mutagenic meat]
 18666 | D:9      | Gained mutation: Your muscles are strong. (Str +2) [mutagenic meat]
 18667 | D:9      | Gained mutation: Your mind is acute. (Int +2) [mutagenic meat]
 18668 | D:9      | Lost mutation: Your mind is acute. (Int +2) [mutagenic meat]
 18670 | D:9      | Gained mutation: You are dopey. (Int -2) [mutagenic meat]
 18672 | D:9      | Gained mutation: You expend magic power (3 MP) to strengthen your wands. [potion of mutation]
 18672 | D:9      | Gained mutation: Your natural rate of healing is unusually fast. [potion of mutation]
 18697 | D:10     | Killed a hill giant
 19303 | D:10     | Gained mutation: You are very dopey. (Int -4) [mutagenic meat]
 19304 | D:10     | Gained mutation: You are partially covered in rough black scales (AC +4, Dex -1). [mutagenic meat]
 19305 | D:10     | Lost mutation: Your magical capacity is low (-10% MP). [mutagenic meat]
 19655 | D:10     | Noticed an orc knight
 19771 | D:10     | Killed an orc knight
 19943 | D:10     | Reached XP level 12. HP: 68/83 MP: 7/24
 20157 | D:11     | Reached skill level 1 in Evocations
 20243 | D:11     | Found Oboybaci's Antique Armour Shop.
 20243 | D:11     | Noticed nago's ghost (powerful OpBe)
 20315 | Orc:1    | Entered Level 1 of the Orcish Mines
 20690 | D:4      | Bought a book of Death for 910 gold pieces
 20696 | D:4      | Learned a level 5 spell: Dispel Undead
 21087 | Orc:1    | Noticed Gastronok
 21498 | Orc:1    | Killed Gastronok
 21498 | Orc:1    | Reached skill level 5 in Dodging
 21498 | Orc:1    | Reached skill level 5 in Necromancy
 21633 | Orc:1    | Found Loar Mam's Distillery.
 21651 | Orc:1    | Bought a potion of heal wounds for 70 gold pieces
 21950 | Orc:1    | Acquired Ashenzari's fourth power
 22403 | Orc:2    | Noticed an orc warlord
 22767 | Orc:1    | Killed an orc warlord
 23134 | Orc:2    | Reached skill level 5 in Armour
 23785 | Orc:3    | Noticed 4thArraOfDagon's ghost (powerful TrMo)
 23822 | Orc:3    | Killed 4thArraOfDagon's ghost
 23822 | Orc:3    | Reached skill level 5 in Fighting
 23822 | Orc:3    | Reached skill level 1 in Ice Magic
 24187 | Orc:3    | Acquired Ashenzari's fifth power
 24240 | Orc:3    | Noticed Josephine
 24384 | Orc:2    | Learned a level 6 spell: Freezing Cloud
 24387 | Orc:2    | Learned a level 2 spell: Sublimation of Blood
 24526 | Orc:3    | Noticed 4thArraOfDagon's ghost (powerful MiMo)
 24533 | Orc:3    | Killed 4thArraOfDagon's ghost
 24533 | Orc:3    | Reached XP level 13. HP: 82/91 MP: 5/26
 24852 | Orc:3    | Killed Josephine
 25095 | Orc:3    | Noticed Sonja
 25126 | Orc:3    | Killed Sonja
 25495 | Orc:4    | Entered Level 4 of the Orcish Mines
 25740 | Orc:4    | Found a staircase to the Elven Halls.
 25779 | Orc:3    | Upgraded the game from 0.17-a0-1920-gafa4d75 to 0.17-a0-1923-gc35365e
 26077 | Orc:4    | Found Helepho's Gadget Boutique.
 26138 | Orc:4    | Noticed Saint Roka
 27015 | D:11     | Reached skill level 1 in Air Magic
 27286 | D:11     | Bought a pair of glowing gloves for 144 gold pieces
 27325 | D:11     | Killed nago's ghost
 27925 | D:11     | Found a staircase to the Lair.
 28285 | Lair:1   | Entered Level 1 of the Lair of Beasts
 29421 | Lair:2   | Reached skill level 5 in Ice Magic
 29792 | Lair:2   | Reached XP level 14. HP: 75/101 MP: 9/27
 30198 | Lair:2   | Reached skill level 5 in Air Magic
 30741 | Lair:2   | Noticed Fannar
 30774 | Lair:2   | Killed Fannar
 31118 | Lair:3   | Found a staircase to the Shoals.
 31304 | Lair:3   | Found a staircase to the Snake Pit.
 32017 | Lair:4   | Found a labyrinth entrance.
 32031 | Lab      | Entered a labyrinth
 32507 | Lab      | Identified the +6 great sword of a Thousand Suns {slice, SInv} (You found it in a labyrinth)
 32507 | Lab      | Identified the cursed +0 lajatang of the Genius {slice, +Blink Dex+3} (You found it in a labyrinth)
 32517 | Lab      | Learned a level 3 spell: Regeneration
 34027 | Lair:5   | Found a dark tunnel.
 34039 | Volcano  | Entered a volcano
 35170 | Lair:5   | Reached XP level 15. HP: 33/110 MP: 18/28
 36562 | Lair:6   | Found a staircase to the Slime Pits.
 37027 | Lair:7   | Reached skill level 10 in Spellcasting
 38031 | Lair:8   | Entered Level 8 of the Lair of Beasts
 38560 | Lair:8   | Reached XP level 16. HP: 74/118 MP: 22/30
 38846 | Lair:8   | Noticed Kirke
 38860 | Lair:8   | Killed Kirke
 39339 | Lair:8   | Reached skill level 10 in Polearms
 40354 | Orc:1    | Bought a potion of haste for 140 gold pieces
 40354 | Orc:1    | Bought a potion of curing for 42 gold pieces
 40354 | Orc:1    | Bought a potion of curing for 42 gold pieces
 40354 | Orc:1    | Bought a potion of agility for 56 gold pieces
 40530 | Orc:4    | Killed Saint Roka
 40866 | Orc:4    | Reached skill level 10 in Ice Magic
 41298 | Orc:4    | Found Meic's Food Shop.
 41301 | Orc:4    | Found Pizxuuza's Weapon Shop.
 41302 | Orc:4    | Found Esip's Assorted Antiques.
 41302 | Orc:4    | Found Jihippips's Food Boutique.
 41312 | Orc:4    | Bought a scroll of identify for 64 gold pieces
 41312 | Orc:4    | Bought a scroll of remove curse for 96 gold pieces
 41312 | Orc:4    | Bought a potion of curing for 96 gold pieces
 41615 | Snake:1  | Entered Level 1 of the Snake Pit
 42039 | Snake:1  | Noticed Frances
 42044 | Snake:1  | Noticed Aizul
 42052 | Snake:1  | Killed Frances
 42065 | Snake:1  | Killed from afar by Aizul

Vault maps used:
D:1:      minmay_arrival_three_doors
D:2:      ashenzari_conservatory_becter, grunt_gozag_breadcrumbs, bloody_trog
D:3:      first_bread, gup_sewer_entry_spiral
D:4:      kennysheep_mini_moat, serial_shops, nicolae_shop_crystal, uniq_natasha
D:5:      xom_butterflies, basic_altar, grunt_ministairs_6,
          minmay_misc_feat_more_columns, uniq_pikel, uniq_sigmund, uniq_menkaure
D:6:      temple_doors_a, eino_tiny_chamber
D:8:      lemuel_blue_sif_altar, enter_bailey_2, uniq_erolcha, uniq_grum
D:9:      lemuel_round_altar
D:10:     david_orc_5
D:11:     grunt_lair_entry_elf_guard_hut, serial_shops,
          nicolae_shop_temple_entry_statues_fountains
Lair:2:   uniq_fannar
Lair:3:   shoals_dummy_entry, guppyfry_snake_entry_garden, beast_lair_carwin_11
Lair:4:   lab_entry_generic, guppyfry_lair_drakes
Lair:5:   enter_volcano_2, beast_lair_carwin_5, bh_autumn_forest_stairs,
          lemuel_fruit_fields
Lair:6:   minmay_slime_entry_oklob_open, patterned_corridor
Lair:7:   beast_lair_carwin_large_4, grunt_forest_large_clearings,
          grunt_megastairs_4
Lair:8:   hangedman_lair_in_review, serial_bayou_shore_a, uniq_kirke
Snake:1:  basic_altar, uniq_aizul, uniq_frances
Orc:1:    serial_shops, shop, mines5_lemuel, uniq_gastronok
Orc:3:    nicolae_orc_pool_cavern, uniq_sonja, uniq_josephine
Orc:4:    st_orc_pillars, serial_shops, nicolae_shop_behind_doors,
          uniq_saint_roka
Lab:      labyrinth_glass_1, nicolae_lab_starburst, lab_hedge,
          labyrinth_fake_exit
Sewer:    sewer_co_tree
Bailey:   bailey_axe_3, bailey
Volcano:  volcano_pools

Action                   |  1- 3 |  4- 6 |  7- 9 | 10-12 | 13-15 | 16-18 || total
-------------------------+-------+-------+-------+-------+-------+-------++-------
Melee: Whip              |     1 |       |       |       |       |       ||     1
       Dagger            |    24 |    71 |   212 |       |       |       ||   307
       Scythe            |       |       |    11 |   415 |  1007 |   262 ||  1695
 Cast: Magic Dart        |    63 |    20 |   236 |   392 |    80 |     9 ||   800
       Dazzling Spray    |       |    11 |    91 |   186 |   157 |    25 ||   470
       Iskenderun's Batt |       |       |       |    21 |    36 |     8 ||    65
       Dispel Undead     |       |       |       |    11 |    13 |       ||    24
       Sublimation of Bl |       |       |       |       |    19 |     1 ||    20
       Freezing Cloud    |       |       |       |       |    12 |    25 ||    37
       Regeneration      |       |       |       |       |    13 |    16 ||    29
       Simulacrum        |       |       |       |       |       |     4 ||     4
 Abil: Evoke Berserk Rag |     1 |     2 |       |     1 |       |       ||     4
       Evoke Invisibilit |       |     2 |       |       |       |       ||     2
Evoke: Wand              |       |       |     7 |     2 |     1 |       ||    10
       Phial of floods   |       |       |       |     1 |     1 |       ||     2
       Deck              |       |       |       |     4 |     1 |       ||     5
  Use: Scroll            |     2 |       |    12 |    16 |    24 |     5 ||    59
       Potion            |       |       |       |     3 |     9 |     4 ||    16
 Stab: Invisible         |       |     3 |    22 |    14 |    25 |     1 ||    65
       Sleeping          |       |     1 |       |     3 |    26 |       ||    30
       Paralysed         |       |       |    18 |     1 |       |       ||    19
       Distracted        |       |       |       |     6 |     9 |     1 ||    16
       Petrified         |       |       |       |       |     1 |       ||     1
  Eat: Chunk             |     1 |     2 |    23 |    55 |    49 |    16 ||   146
       Bread ration      |     1 |     1 |       |       |     2 |     1 ||     5
       Fruit             |       |     2 |     1 |       |     1 |       ||     4
       Meat ration       |       |       |     1 |     1 |       |       ||     2
       Beef jerky        |       |       |     1 |       |     2 |     1 ||     4
       Pizza             |       |       |       |     1 |     1 |     2 ||     4
       Royal jelly       |       |       |       |       |     1 |       ||     1
